 Seeded DCSS version 0.28.0-45-g0d030f2227 (webtiles) character file.

Game seed: 20220420 (custom seed)

2 jessy the Grave Robber (level 1, 13/13 HPs)
             Began as a Mummy Necromancer on Apr 20, 2022.
             Quit the game on level 1 of the Dungeon.
             The game lasted 00:00:57 (490 turns).

jessy the Grave Robber (Mummy Necromancer)           Turns: 490, Time: 00:00:58

Health: 13/13      AC: 10    Str: 11    XL:     1   Next: 25%
Magic:  4/4        EV:  2    Int: 14    God:
Gold:   0          SH:  0    Dex: 12    Spells: 4/5 levels left

rFire   x . .      SeeInvis .   (no weapon)
rCold   + . .      Faith    .   (no shield)
rNeg    + + +      Spirit   .   c - +0 plate armour
rPois   ∞          Reflect  .   (no helmet)
rElec   .          Harm     .   (no cloak)
rCorr   .          Rampage  .   (no gloves)
Will    .....                   (no boots)
Stlth   ..........              (no amulet)
HPRegen 0.04/turn               (no ring)
MPRegen 0.09/turn               (no ring)

@: no status effects
A: cold resistance 1, negative energy resistance 3, torment resistance 2, heat
vulnerability 1, no potions
a: no special abilities


You were on level 1 of the Dungeon.
You visited 1 branch of the dungeon, and saw 1 of its levels.

Inventory:

Armour
 a - a +0 robe
 c - a +0 plate armour (worn)
Scrolls
 b - a scroll of magic mapping {unknown}
Potions
 d - a potion of flight {unknown}


   Skills:
 + Level 0.2 Fighting
 + Level 1.5 Dodging
 + Level 1.5 Stealth
 + Level 2.8 Spellcasting
 + Level 4.0 Necromancy


You had 4 spell levels left.
You knew the following spells:

 Your Spells              Type           Power      Damage    Failure   Level
a - Pain                  Necr           52%        1d6       100%        1

Your spell library contained the following spells:

 Spells                   Type           Power      Damage    Failure   Level
 Animate Skeleton         Necr           26%        N/A       100%        1
 Vampiric Draining        Necr           13%        2d6       100%        3
 Animate Dead             Necr           6%         N/A       100%        4
 Agony                    Necr           13%        N/A       100%        5


Dungeon Overview and Level Annotations

Branches:
Dungeon (1/15)

Altars:


Innate Abilities, Weirdness & Mutations

You are immune to poison.
Your flesh is cold resistant. (rC+)
You are immune to negative energy. (rN+++)
You are immune to unholy pain and torment.
You are vulnerable to heat. (rF-)
You do not drink.


Message History

Keep disrobing?
You stop removing your armour.
The ball python grabs you. The ball python constricts you.
The ball python barely misses you. The ball python constricts you.
You escape the ball python's grasp.
The ball python closely misses you. The ball python barely misses you.
You hit the ball python but do no damage.
The ball python closely misses you. x2; The ball python barely misses you.
The ball python closely misses you.
You hit the ball python.
The ball python is moderately wounded.
The ball python closely misses you. The ball python barely misses you.
You barely miss the ball python.
The ball python is moderately wounded.
The ball python closely misses you. x2
You closely miss the ball python.
The ball python is moderately wounded.
The ball python bites you but does no damage.
The ball python grabs you. The ball python constricts you.
You closely miss the ball python. The ball python bites you.
The ball python constricts you.
You hit the ball python.
The ball python is severely wounded.
The ball python bites you. The ball python constricts you.
The ball python bites you.
* * * LOW HITPOINT WARNING * * *
The ball python constricts you.
You hit the ball python.
You kill the ball python!
You start resting.
HP restored.
You start removing your armour.
You continue taking off your +0 robe. x4
You finish taking off your +0 robe.
You start putting on your armour.
You continue putting on your +0 plate armour. x5
You finish putting on your +0 plate armour.
You see here a ball python skeleton.
You see here a puce potion.
d - a puce potion Are you sure you want to abandon this character and quit the game? (Confirm with "yes".)

...♣....+####.#
#............###'#
..................
#.##.......####.##
#.##.......# #.##
#.##J.:....# #.†.
#.##.......# ####
####.##.......# #
#^..@##.......#######
#...÷.........##.....
#>#####.>#.# #.####
#.#####.## ## #.#
#......#####.# #.#
#.#####.#.#.####.#
#.#####..........#
#.......#.########
###########


There were no monsters in sight!

Vanquished Creatures
  A giant cockroach (D:1)
  A ball python (D:1)
2 creatures vanquished.

Notes
Turn   | Place    | Note
-------+----------+-------------------------------------------
     0 | D:1      | jessy the Mummy Necromancer began the quest for the Orb.
     0 | D:1      | Reached XP level 1. HP: 13/13 MP: 4/4
   490 | D:1      | Quit the game

Illustrated notes

Levels and vault maps discovered:
D:1:      nicolae_arrival_somewhat_less_tricky_arrival, layout_loops_cross,
          minmay_surrounded

Action                   || total
-------------------------++-------
Melee: Unarmed           ||    23
Armor: Robe              ||     4
Dodge: Dodged            ||    22
